 Dungeon Crawl Stone Soup version 0.31-a0-162-gc4c5a43528 (webtiles) character file.

Game seed: 14395665381798371763

104 qw the Shooter (level 4, -9/42 HPs)
             Began as a Naga Hunter on June 12, 2023.
             Mangled by an ogre
             ... wielding a +0 giant club
              (21 damage)
             ... on level 3 of the Dungeon.
             The game lasted 00:00:31 (1539 turns).

qw the Shooter (Naga Hunter)                        Turns: 1539, Time: 00:00:32

Health: -9/42      AC:  6    Str: 13    XL:     4   Next: 80%
Magic:  4/4        EV:  9    Int: 10    God:
Gold:   91         SH:  0    Dex: 16    Spells: 3/3 levels left

rFire   . . .        Y - +1 shortbow
rCold   . . .        (shield currently unavailable)
rNeg    . . .        c - +0 leather armour
rPois   +            b - +1 helmet
rElec   .            h - +0 cloak
rCorr   .            g - +0 pair of gloves
SInv    +            (no barding)
Will    .....        (no amulet)
Stlth   ++           (no ring)
HPRegen 0.27/turn    (no ring)
MPRegen 0.09/turn

%: no passive effects
@: short of breath, very slow
A: AC +1, large, see invisible, deformed body, poison resistance, slowness 2,
spit poison 1, naga tail 1
a: Spit Poison


You were on level 3 of the Dungeon.
You visited 1 branch of the dungeon, and saw 3 of its levels.

You collected 91 gold pieces.


Innate Abilities, Weirdness & Mutations

Your serpentine skin is tough. (AC +1)
You have supernaturally acute eyesight. (SInv)
Armour fits poorly on your strangely shaped body.
Your system is resistant to poisons. (rPois)
You cover ground very slowly.
You can spit poison.
You have a snake-like lower body.


   Skills:
 - Level 3.0 Fighting
 + Level 5.0 Ranged Weapons
 - Level 1.5 Dodging
 - Level 1.5 Stealth


You had 3 spell levels left.
You didn't know any spells.
Your spell library was empty.

Inventory:

Hand Weapons
 Y - a +1 shortbow (weapon)
Armour
 b - a +1 helmet (worn)
 c - a +0 leather armour (worn)
 g - a +0 pair of gloves (worn)
 h - a +0 cloak (worn)
Potions
 a - a potion of mutation {unknown}
 e - a potion of degeneration {unknown}
 f - a potion of attraction {unknown}
 i - a potion of resistance {unknown}

Dungeon Overview and Level Annotations

Branches:
Dungeon (3/15)

Altars:

Shops:
D:1 *


Message History

Press: ? - help, Shift-Dir - straight line, f - goblin The splash of poison hits the goblin.
The goblin is poisoned.
The goblin is heavily wounded.
The goblin shouts!
The goblin hits you but does no damage.
You shoot an arrow. The arrow hits the goblin.
You kill the goblin!
You shoot an arrow. The arrow hits the goblin.
The goblin is severely wounded.
You shoot an arrow. The arrow hits the goblin.
You kill the goblin!
The ogre closely misses you.
You shoot an arrow. The arrow hits the ogre.
The ogre is lightly wounded.
The ogre hits you with a +0 giant club!!
Ouch! That really hurt!
You shoot an arrow. The arrow hits the ogre.
The ogre is moderately wounded.
You have got your breath back.
The ogre barely misses you.
1536 ||| INVOKING Spit Poison.
Aiming: Spit Poison (1% risk of failure)
Press: ? - help, Shift-Dir - straight line, f/p - ogre The splash of poison hits the ogre.
The ogre is poisoned.
The ogre is heavily wounded.
You shoot an arrow. The arrow hits the ogre.
The ogre is heavily wounded.
The ogre hits you with a +0 giant club!
You shoot an arrow. The arrow completely misses the ogre.
The arrow barely misses the goblin.
The arrow closely misses the goblin.
You have got your breath back.
The ogre closely misses you.
1539 ||| INVOKING Spit Poison.
Aiming: Spit Poison (1% risk of failure)
Press: ? - help, Shift-Dir - straight line, f/p - ogre The splash of poison hits the ogre.
The ogre looks even sicker.
The ogre is severely wounded.
The ogre hits you with a +0 giant club!!
Ouch! That really hurt!
You die...

#.##.##..####.###.#.#
#........####)#.....#
#.##....... #<#.#.###
#.#####..#####..#.#
#.#####..#...#....#
#........#ggg######
#######.##ggg #.###O#
#...)@# #######


You could see an ogre (very poisoned) and 6 goblins.

Vanquished Creatures
  Terence (D:2)
  Robin (D:2)
  2 adders (D:2)
  2 ball pythons
  5 bats
  4 endoplasms
  3 giant cockroaches
  12 goblins
  5 hobgoblins
  4 kobolds
  2 quokkas
  2 rats
43 creatures vanquished.

Notes
Turn   | Place    | Note
-------+----------+-------------------------------------------
     0 | D:1      | qw the Naga Hunter began the quest for the Orb.
     0 | D:1      | Reached XP level 1. HP: 19/19 MP: 1/1
     0 | D:1      | 0 ||| qw: Version: 0.2-a-29-gc1b59c4
     0 | D:1      | 0 ||| qw: Game counter: 4373
     0 | D:1      | 0 ||| qw: Always use a shield: true
     0 | D:1      | 0 ||| qw: God list: Okawaru
     0 | D:1      | 0 ||| qw: Allow faded altars: false
     0 | D:1      | 0 ||| qw: Do Orc after D:15 true
     0 | D:1      | 0 ||| qw: Do second Lair branch before Depths: true
     0 | D:1      | 0 ||| qw: Lair rune preference: random
     0 | D:1      | 0 ||| qw: Plans: Normal
     0 | D:1      | 0 ||| PLANNING D:1-11
     6 | D:1      | 6 ||| INVOKING Spit Poison.
    25 | D:1      | 25 ||| INVOKING Spit Poison.
    45 | D:1      | 45 ||| INVOKING Spit Poison.
    49 | D:1      | 49 ||| INVOKING Spit Poison.
   100 | D:1      | Found Nukukharph's Assorted Antiques.
   108 | D:1      | 108 ||| SHOPLISTING bubbling inky potion (15 gold, have 9).
   108 | D:1      | 108 ||| SHOPLISTING purple potion (15 gold, have 9).
   108 | D:1      | 108 ||| SHOPLISTING scroll labelled XOD EHUKHANT (17 gold,
                  | have 9).
   108 | D:1      | 108 ||| SHOPLISTING viscous cyan potion (15 gold, have 9).
   181 | D:1      | Found a faded altar of an unknown god.
   293 | D:1      | 293 ||| INVOKING Spit Poison.
   294 | D:1      | Reached skill level 4 in Ranged Weapons
   294 | D:1      | Reached XP level 2. HP: 26/26 MP: 2/2
   540 | D:1      | 540 ||| INVOKING Spit Poison.
   582 | D:1      | 582 ||| INVOKING Spit Poison.
   624 | D:1      | 624 ||| UPGRADING to +0 pair of gloves.
   629 | D:1      | 629 ||| UPGRADING to +0 cloak.
   634 | D:1      | 634 ||| READING scroll labelled BOMARCH NIZXE.
   635 | D:1      | 635 ||| READING 2 scrolls labelled KAROLO NAIBIUGH.
   636 | D:1      | 636 ||| DROPPING scroll of butterflies.
   637 | D:1      | 637 ||| DROPPING scroll of poison.
   668 | D:2      | 668 ||| INVOKING Spit Poison.
   685 | D:2      | Noticed Terence
   689 | D:2      | 689 ||| INVOKING Spit Poison.
   693 | D:2      | Killed Terence
   694 | D:2      | Reached XP level 3. HP: 28/32 MP: 3/3
   743 | D:2      | 743 ||| INVOKING Spit Poison.
   822 | D:2      | 822 ||| INVOKING Spit Poison.
   827 | D:2      | 827 ||| INVOKING Spit Poison.
   858 | D:2      | Reached skill level 5 in Ranged Weapons
   865 | D:2      | Reached XP level 4. HP: 39/39 MP: 4/4
   865 | D:2      | Noticed Robin
   866 | D:2      | 866 ||| INVOKING Spit Poison.
   873 | D:2      | 873 ||| INVOKING Spit Poison.
   876 | D:2      | 876 ||| INVOKING Spit Poison.
   881 | D:2      | 881 ||| INVOKING Spit Poison.
   885 | D:2      | HP: 10/40 [Robin/+0 short sword (1)]
   886 | D:2      | Killed Robin
  1066 | D:2      | 1066 ||| INVOKING Spit Poison.
  1069 | D:2      | 1069 ||| INVOKING Spit Poison.
  1072 | D:2      | 1072 ||| INVOKING Spit Poison.
  1108 | D:2      | 1108 ||| INVOKING Spit Poison.
  1113 | D:2      | 1113 ||| INVOKING Spit Poison.
  1116 | D:2      | Reached skill level 3 in Fighting
  1120 | D:2      | 1120 ||| INVOKING Spit Poison.
  1126 | D:2      | 1126 ||| INVOKING Spit Poison.
  1353 | D:2      | 1353 ||| UPGRADING to +1 helmet.
  1358 | D:2      | 1358 ||| READING scroll labelled FILUPSA QUCI.
  1359 | D:2      | 1359 ||| READING scroll labelled NAUTAG TUMIBB.
  1478 | D:3      | 1478 ||| INVOKING Spit Poison.
  1529 | D:3      | Noticed an ogre
  1530 | D:3      | 1530 ||| INVOKING Spit Poison.
  1536 | D:3      | 1536 ||| INVOKING Spit Poison.
  1539 | D:3      | 1539 ||| INVOKING Spit Poison.
  1539 | D:3      | Mangled by an ogre

Levels and vault maps discovered:
D:1:      roderic_dead_forest, layout_basic,
          shapermc_ecumenical_altar_totnotflames, serial_shops, shop
D:2:      layout_basic, uniq_robin, uniq_terence
D:3:      minmay_inner_zag, layout_loops_cross, minmay_ogre_servants

Skill      XL: |  1  2  3  4 |
---------------+-------------+-----
Ranged Weapons | 4 5 |  5.0
Fighting       | 3 |  3.0
Dodging        | |  1.5
Stealth        | |  1.5

Action                     |  1- 3 |  4- 6 || total
---------------------------+-------+-------++-------
   Fire: Shortbow          |    32 |    41 ||    73
Ability: Spit Poison       |    12 |    15 ||    27
    Use: Scroll            |     2 |     2 ||     4
 Armour: Leather armour    |     4 |     6 ||    10
  Dodge: Dodged            |     3 |    17 ||    20

Table legend:
 A = Non-vault XP
 B = Vault XP
 C = Vault XP percentage of total XP
 D = Non-vault monster count
 E = Vault monster count
 F = Vault count percentage of total count
                 A         B        C        D         E       F
            +---------+---------+-------+---------+---------+-------
      Total |      72 |      77 |  51.7 |      29 |      14 |  32.6
            +---------+---------+-------+---------+---------+-------
        D:1 |      20 |       0 |   0.0 |      11 |       0 |   0.0
        D:2 |      50 |      73 |  59.3 |      17 |      12 |  41.4
        D:3 |       2 |       4 |  66.7 |       1 |       2 |  66.7
            +---------+---------+-------+---------+---------+-------
